 Dungeon Crawl Stone Soup version 0.31.0-32-g396128a36d (webtiles) character file.

Game seed: 10299527346920638082

2685 H0rd4k the Martial Artist (level 9, -5/57 (59) HPs)
             Began as an Octopode Artificer on Mar 14, 2024.
             Was an Initiate of Gozag.
             Slain by a wight
             ... wielding a +3 mace of freezing
              (17 damage)
             ... on level 9 of the Dungeon.
             The game lasted 00:08:58 (8372 turns).

H0rd4k the Martial Artist (Octopode Artificer)      Turns: 8372, Time: 00:08:58

HP:   -5/57 (59)    AC:  1    Str: 11    XL:     9   Next: 64%
MP:   12/12         EV: 13    Int: 18    God:    Gozag
Gold: 276           SH:  0    Dex: 12    Spells: 9/12 levels left

rFire   + .          .
                       - Unarmed
rCold   . . .        (no shield)
rNeg    . . .        (helmet restricted)
rPois   .            (no amulet)
rElec   .            s - ring of protection from fire
rCorr   .            w - ring of flight
SInv    .            x - ring of wizardry
Will    .....        (no ring)
Stlth   +++          (no ring)
HPRegen 0.29/turn    (no ring)
MPRegen 0.13/turn    (no ring)
                     (no ring)

%: wizardry (x1)
@: gold aura, flying, lightly drained
A: almost no armour, amphibious, 8 rings, camouflage 1, gelatinous body 1,
(nimble swimmer 1), tentacles
a: Renounce Religion, Potion Petition, Call Merchant, Bribe Branch


You were on level 9 of the Dungeon.
You worshipped Gozag.
Gozag was aware of your devotion.
You visited 2 branches of the dungeon, and saw 10 of its levels.

You collected 354 gold pieces.
You paid 78 gold pieces to Gozag.

Inventory:

Hand Weapons
 k - a +0 dagger of freezing
Missiles
 B - 2 throwing nets
Jewellery
 s - a ring of protection from fire (left tentacle)
 w - a ring of flight (right tentacle)
 x - a ring of wizardry (on tentacle)
Talismans
 a - a flux talisman
 z - a flux talisman
 A - a flux talisman
Scrolls
 e - a scroll of acquirement {unknown}
 f - 3 scrolls of identify
 g - a scroll of fear
 h - a scroll of enchant weapon
 i - a scroll of immolation
 m - a scroll of noise {unknown}
 t - a scroll of brand weapon
 v - a scroll of amnesia
 C - 2 scrolls of vulnerability {unknown}
Potions
 b - 2 potions of might {unknown}
 d - a potion of heal wounds {unknown}
 j - 3 potions of brilliance {unknown}
 l - 2 potions of enlightenment {unknown}
 n - a potion of lignification
 o - a potion of berserk rage {unknown}
 p - 5 potions of curing {unknown}
 q - 3 potions of mutation {unknown}
 r - 3 potions of cancellation {unknown}
 u - a potion of haste {unknown}


   Skills:
 + Level 4.7 Fighting
 - Level 2.3 Dodging
 - Level 1.3 Stealth
 - Level 11.5 Unarmed Combat
 * Level 2.3 Spellcasting
 - Level 3.2 Evocations


You had 9 spell levels left.
You knew the following spells:

 Your Spells              Type           Power      Damage    Failure   Level
a - Confusing Touch       Hex            2%         N/A       21%         3

Your spell library contained the following spells:

 Spells                   Type           Power      Damage    Failure   Level
 Slow                     Hex            8%         N/A       8%          1
 Summon Small Mammal      Summ           8%         N/A       8%          1
 Call Canine Familiar     Summ           2%         N/A       21%         3
 Gell's Gravitas          Tloc           2%         N/A       21%         3
 Sigil of Binding         Hex            2%         N/A       21%         3
 Teleport Other           Tloc           2%         N/A       21%         3
 Vampiric Draining        Necr           2%         2d6       21%         3
 Summon Blazeheart Golem  Fire/Summ      2%         N/A       54%         4
 Summon Lightning Spire   Summ/Air       2%         N/A       54%         4
 Lee's Rapid Deconstruct  Erth           1%         3d4*      86%         5
 Dispersal                Tloc           1%         N/A       100%        6
 Animate Armour           Summ/Erth      Unusable   N/A       N/A         4

Dungeon Overview and Level Annotations

Branches:
Dungeon (9/15)             Temple (1/1) D:4
   Lair: D:8-11         Orc: D:9-12

Altars:
Ashenzari
Cheibriados
Dithmenos
Elyvilon
Fedhas
Gozag
Hepliaklqana
Kikubaaqudgha
Makhleb
Nemelex Xobeh
Okawaru
Qazlal
Ru
Sif Muna
Trog
Uskayaw
Vehumet
Wu Jian
Xom
Yredelemnul
Zin
The Shining One

Shops:
D:2 ?

Annotations:
D:6 3 runed translucent doors, exclusions: 3 doors and 2 upstairs, ChadusMaximus's ghost, novice BaSu; nitefall's ghost, novice MiBe; riffraff's ghost, novice MiBe
D:8 Joseph
D:9 Erica


Innate Abilities, Weirdness & Mutations

You cannot wear most types of armour.
You are amphibious.
You can wear up to eight rings at the same time.
Your skin changes colour to match your surroundings (Stealth+).
Your rubbery body absorbs attacks. (AC +1, EV +1)
((You are camouflaged when in or above water. (Stealth+)))
You have tentacles for arms and can constrict up to eight enemies at once.


Message History

A wight comes into view. It is wielding a +3 mace of freezing.
The orc priest shouts!
The orc priest completely misses you.
A wight comes into view. It is wielding a +4 great sword.
A wight comes into view. It is wielding a +0 falchion.
You tentacle-slap the orc priest. Your grab misses the orc priest.
The orc priest is heavily wounded.
You tentacle-slap the orc priest. Your grab misses the orc priest.
The orc priest is severely wounded.
The orc priest hits you with a +0 flail!
You closely miss the orc priest. Your grab misses the orc priest.
You squeeze the orc priest.
The orc priest is almost dead.
The orc priest hits you with a +0 flail!
You barely miss the orc priest. You grab the orc priest.
You squeeze the orc priest, but do no damage.
The orc priest is almost dead.
You constrict the orc priest, but do no damage.
You tentacle-slap the orc priest.
You kill the orc priest!
The wight attacks as it pursues you! The wight closely misses you.
The wight attacks as it pursues you!
The wight hits you with a +3 mace of freezing!
* * * LOW HITPOINT WARNING * * *
You feel drained.
* * * LOW HITPOINT WARNING * * *
The wight freezes you.
* * * LOW HITPOINT WARNING * * *
Okay, then.
Okay, then.
You tentacle-slap the wight but do no damage.
Your grab misses the wight. Your squeeze misses the wight.
The wight closely misses you.
You closely miss the wight. You grab the wight.
You constrict the wight, but do no damage.
You tentacle-slap the wight but do no damage.
You constrict the wight.
The wight hits you with a +3 mace of freezing!
You die...
Your body crumbles into a pile of gold.

........k...
#$#
##....#####.#
#$# #....# #.#
#$# #....# #.#
#.# ... #.#
..#####.# #.#
......$.# #.#
..#####.####.##
...!...zzz@...#
...#########.##
#.# #.# #.# #.#
#o# #.# #.#


You could see 3 wights.

Vanquished Creatures
  Sigmund (D:3)
  A wyvern (D:9)
  4 water moccasins
  Duvessa (D:7)
  An orc warrior (D:6)
  An ice beast (D:6)
  3 black bears
  3 centaurs
  A bullfrog (D:8)
  Dowan (D:7)
  2 howler monkeys (D:7)
  A bombardier beetle (D:5)
  3 orc priests
  A gnoll bouda (D:5)
  7 hounds
  A jelly (D:6)
  A sleepcap (D:5)
  2 iguanas
  6 orc wizards
  3 gnolls (D:5)
  11 adders
  A shadow imp (D:8)
  3 white imps
  An ufetubus (D:6)
  5 dart slugs
  10 orcs
  7 endoplasms
  3 giant cockroaches
  3 goblins
  A hobgoblin (D:1)
  3 jackals (D:3)
  5 kobolds
  3 quokkas
  9 ball pythons
  3 bats
  4 frilled lizards
  4 rats
120 creatures vanquished.

Vanquished Creatures (collateral kills)
  A centaur (D:7)
  3 orc priests (D:6)
  2 gnolls (D:7)
  An ufetubus (D:6)
  An orc (D:6)
8 creatures vanquished.

Vanquished Creatures (others)
  A water moccasin (D:5)
  An ogre (D:6)
  A gnoll (D:7)
3 creatures vanquished.

Grand Total: 131 creatures vanquished

Notes
Turn   | Place    | Note
-------+----------+-------------------------------------------
     0 | D:1      | H0rd4k the Octopode Artificer began the quest for the Orb.
     0 | D:1      | Reached XP level 1. HP: 13/13 MP: 1/1
    58 | D:1      | Reached skill level 1 in Unarmed Combat
   110 | D:1      | Reached XP level 2. HP: 8/18 MP: 2/2
   290 | D:1      | Reached skill level 2 in Unarmed Combat
   408 | D:1      | Reached XP level 3. HP: 23/23 MP: 3/3
   493 | D:1      | Found a faded altar of an unknown god.
  1034 | D:2      | Reached skill level 3 in Unarmed Combat
  1273 | D:2      | Found Fyzacr Ilimn's Magic Scroll Shoppe.
  1352 | D:2      | Reached XP level 4. HP: 16/28 MP: 4/4
  1866 | D:3      | Noticed Sigmund
  1880 | D:3      | Killed Sigmund
  1881 | D:3      | Reached skill level 5 in Unarmed Combat
  1881 | D:3      | Reached XP level 5. HP: 15/34 MP: 5/5
  2136 | D:3      | Reached XP level 6. HP: 31/39 MP: 6/6
  2789 | D:4      | Found a staircase to the Ecumenical Temple.
  2830 | Temple   | Entered the Ecumenical Temple
  3320 | D:5      | Entered Level 5 of the Dungeon
  3408 | D:5      | Reached skill level 6 in Unarmed Combat
  3930 | D:5      | Noticed an orc warrior
  3938 | D:5      | Reached XP level 7. HP: 45/45 MP: 7/7
  4017 | D:6      | Found a runed translucent gate.
  4019 | D:6      | Found a runed translucent gate.
  4019 | D:6      | Found a runed translucent gate.
  4019 | D:6      | Noticed riffraff's ghost (novice MiBe)
  4019 | D:6      | Noticed nitefall's ghost (novice MiBe)
  4020 | D:6      | Noticed riffraff's ghost (novice MiBe)
  4020 | D:6      | Noticed ChadusMaximus's ghost (novice BaSu)
  4163 | D:6      | Reached skill level 7 in Unarmed Combat
  4472 | D:6      | Reached skill level 8 in Unarmed Combat
  4542 | D:6      | Reached XP level 8. HP: 46/51 MP: 8/8
  5255 | D:5      | Reached skill level 9 in Unarmed Combat
  5735 | D:7      | HP: 1/52 [centaur (4)]
  6352 | D:7      | Reached skill level 10 in Unarmed Combat
  6504 | D:7      | Found a bloodstained altar of Trog.
  6504 | D:7      | Found a burning altar of Makhleb.
  6504 | D:7      | Found a glowing golden altar of the Shining One.
  6505 | D:7      | Noticed Duvessa
  6506 | D:7      | Found a broken altar of Ashenzari.
  6506 | D:7      | Found a sparkling altar of Nemelex Xobeh.
  6506 | D:7      | Found a basalt altar of Yredelemnul.
  6509 | D:7      | Noticed Dowan
  6523 | D:7      | Killed Dowan
  6524 | D:7      | Reached XP level 9. HP: 28/58 MP: 9/9
  6679 | D:7      | Killed Duvessa
  6744 | D:7      | Found a hazy altar of Hepliaklqana.
  6744 | D:7      | Found an opulent altar of Gozag.
  6744 | D:7      | Found a radiant altar of Vehumet.
  6989 | D:7      | Became a worshipper of Gozag Ym Sagoz the Greedy
  7281 | D:8      | Reached skill level 11 in Unarmed Combat
  7812 | D:8      | Noticed a two-headed ogre
  7830 | D:8      | Noticed Joseph
  7998 | D:9      | Noticed Erica
  7998 | D:9      | Noticed a troll
  7999 | D:9      | Found a white marble altar of Elyvilon.
  8208 | D:9      | Learned a level 3 spell: Confusing Touch
  8232 | D:9      | Reached skill level 1 in Spellcasting
  8300 | D:9      | Identified the ring "Juol" {rC+ Dex+2}
  8372 | D:9      | Slain by a wight

Illustrated notes

Levels and vault maps discovered:
D:1:      grunt_arrival_crossed_arrows, layout_basic,
          chequers_ecumenical_altar_grove, grunt_decor_one_mirror
D:2:      layout_basic, serial_shops, shop
D:3:      layout_rooms, serial_park_tiny_1, small_statue_alley_b,
          kennysheep_generic_room_8, uniq_sigmund
D:4:      layout_loops_ring, minmay_temple_entry_antechambers,
          nicolae_figureground_sparkle
D:5:      layout_basic
D:6:      layout_cave_pods, gammafunk_ghost_cemetery, st_stairs_10
D:7:      layout_cave_pods, nicolae_overflows_in_rows, nicolae_letterblocks
          [nicolae_letter_subblock, nicolae_letter_subblock,
          nicolae_letter_subblock, nicolae_letter_subblock,
          nicolae_letter_subblock, nicolae_letter_subblock,
          nicolae_letter_subblock, nicolae_letter_subblock,
          nicolae_letter_subblock, nicolae_letter_subblock,
          nicolae_letter_subblock, nicolae_letter_subblock,
          nicolae_letter_subblock, nicolae_letter_subblock,
          nicolae_letter_subblock, nicolae_letter_subblock,
          nicolae_letter_subblock, nicolae_letter_subblock,
          nicolae_letter_subblock, nicolae_letter_subblock,
          nicolae_letter_subblock, nicolae_letter_subblock,
          nicolae_letter_subblock, nicolae_letter_subblock,
          nicolae_letter_subblock], uniq_duvessa
D:8:      layout_basic, uniq_joseph
D:9:      minmay_the_grid_octo_tiled_squarecenter
          [minmay_the_grid_octo_pinwheel, minmay_the_grid_octo_clover,
          minmay_the_grid_octo_horde, minmay_the_grid_octo_odd_swirl,
          minmay_the_grid_square_5x5_megaprize_diamond,
          minmay_the_grid_square_5x5_hollow_slash,
          minmay_the_grid_square_5x5_percent,
          minmay_the_grid_square_5x5_tri_point,
          minmay_the_grid_square_5x5_intrusive_squares], layout_basic,
          mainiacjoe_overflow_cross_hatched, serial_shops, shop,
          chequers_serial_rivers_large_a, uniq_erica
Temple:   nicolae_temple_hex_pool

Skill      XL: |  1  2  3  4  5  6  7  8  9 |
---------------+----------------------------+-----
Unarmed Combat | 1 2 3 5 6 8 10 11 | 11.5
Fighting       | 2 3 4 |  4.7
Spellcasting   | 2 |  2.3
Dodging        | |  2.3
Stealth        | |  1.3
Evocations     | |  3.2

Action                     |  1- 3 |  4- 6 |  7- 9 || total
---------------------------+-------+-------+-------++-------
  Melee: Unarmed           |    87 |    69 |   155 ||   311
         Constrict         |    18 |    19 |    31 ||    68
         Tentacles         |    18 |    21 |    42 ||    81
         Punch             |       |     4 |     9 ||    13
  Evoke: Wand              |       |     6 |    29 ||    35
    Use: Potion            |       |       |     2 ||     2
         Scroll            |       |       |     7 ||     7
   Stab: Sleeping          |     8 |     8 |     5 ||    21
 Armour: Skin              |    30 |    32 |   107 ||   169
  Dodge: Dodged            |    46 |    32 |    93 ||   171
